Cogmind - Beta 12 --- EXPLORER MODE // 2023.10.10 @ 22:28:06 Player: Analote Result: Destroyed by Y-64 Sentinel with Wave Gun Performance ------------- Evolutions (5) 2500 Regions Visited (14) 2800 Robots Destroyed (170) 850 Value Destroyed (7377) 7377 Prototype IDs (26) 520 Alien Tech Used (2) 400 Bonus (1218) 1218 TOTAL SCORE: 15665 Bonus ------- High Alert Combat Kills 259 Follower Combat Kills 510 Entered Garrisons 200 Met Zhirov 300 Friendly Fire -51 Cogmind --------- Core Integrity 0/1000 Matter 24/600 Energy 100/100 System Corruption 5% Temperature Cool (9) Movement Walking (120) Location -4/Proximity Caves Parts ------- > --- POWER (2) -------- (None) > --- PROPULSION (4) --- Advanced Myomer Leg Advanced Myomer Leg Advanced Myomer Leg (fused) > --- UTILITY (8) ------ Advanced Power Amplifier Advanced Heat Sink Advanced Heat Sink Improved Matter Compressor Improved Core Shielding > --- WEAPON (4) ------- Mini Assault Cannon > --- INVENTORY (5) ---- Encrypted Comm Array Peak State ------------ > --- POWER ------------ Enhanced Nuclear Core Light Neutrino Core > --- PROPULSION ------- VSS Leg Improved Carbon-fiber Leg Armored Leg Armored Leg > --- UTILITY ---------- Improved Heat Sink Advanced Heat Sink Medium Storage Unit Encrypted Comm Array Targeting Computer Improved Light Armor Plating Improved Light Armor Plating Graphene Brace > --- WEAPON ----------- Tesla Rifle Phase Cannon Improved KE Penetrator Improved KE Penetrator > --- INVENTORY -------- Carbon-fiber Leg Improved Carbon-fiber Leg Shock Rifle Minigun Flak Gun Mini Assault Cannon [Rating: 84] Favorites ----------- Power Cooled Deuterium Engine Engine Cooled Deuterium Engine Power Core Enhanced Nuclear Core Reactor Light Quantum Reactor Propulsion Improved Carbon-fiber Leg Leg Improved Carbon-fiber Leg Utility Improved Light Armor Plating Device Improved Heat Sink Storage Medium Storage Unit Processor Targeting Computer Protection Improved Light Armor Plating Weapon Autogun Energy Gun Particle Gun Energy Cannon Phase Cannon Ballistic Gun Autogun Ballistic Cannon Mini Assault Cannon Launcher Grenade Launcher Build | -11 -10 -9 -8 -7 -7 -7 -7 -7 -6 -5 -5 -5 -5 -4 ------- Run | Jun Mat Mat Mat Fac Gar Fac Low Low Fac Fac Upp Upp Zhi Pro Slots Evolved 11 | . 1 2 2 2 . . . . 2 2 . . . . Power 1 | . . . . . . . . . . 1 . . . . Propulsion 2 | . . . . . . . . . 2 . . . . . Utility 6 | . 1 . 2 2 . . . . . 1 . . . . Weapon 2 | . . 2 . . . . . . . . . . . . Parts Attached 126 | 7 8 2 5 19 14 12 1 . 19 9 4 1 12 13 Power 20 | 1 1 . 2 4 . 2 . . 3 2 1 . 2 2 Engine 9 | 1 1 . 2 4 . 1 . . . . . . . . Core 9 | . . . . . . 1 . . 3 2 1 . 2 . Reactor 2 | . . . . . . . . . . . . . . 2 Propulsion 24 | 2 2 . . 2 3 1 . . 5 2 . 1 3 3 Treads . | . . . . . . . . . . . . . . . Leg 24 | 2 2 . . 2 3 1 . . 5 2 . 1 3 3 Wheel . | . . . . . . . . . . . . . . . Hover . | . . . . . . . . . . . . . . . Flight . | . . . . . . . . . . . . . . . Utility 32 | 2 1 . 3 5 3 3 1 . 5 1 . . 4 4 Device 17 | . . . 2 3 . 3 1 . 3 . . . 2 3 Storage 3 | . 1 . . . 1 . . . . . . . 1 . Processor 2 | 2 . . . . . . . . . . . . . . Hackware . | . . . . . . . . . . . . . . . Protection 10 | . . . 1 2 2 . . . 2 1 . . 1 1 Artifact . | . . . . . . . . . . . . . . . Weapon 50 | 2 4 2 . 8 8 6 . . 6 4 3 . 3 4 Energy Gun 19 | 1 3 2 . 6 1 1 . . . 4 1 . . . Energy Cannon 3 | . . . . . . 1 . . 2 . . . . . Ballistic Gun 21 | 1 1 . . 1 6 3 . . 4 . 1 . 2 2 Ballistic Cannon 5 | . . . . . . 1 . . . . 1 . 1 2 Launcher 2 | . . . . 1 1 . . . . . . . . . Special Weapon . | . . . . . . . . . . . . . . . Impact Weapon . | . . . . . . . . . . . . . . . Slashing Weapon . | . . . . . . . . . . . . . . . Piercing Weapon . | . . . . . . . . . . . . . . . Special Melee Weapon . | . . . . . . . . . . . . . . . Unidentified Prototypes 14 | . . . 1 3 . 2 . . 4 . . . 4 . Parts Lost 35 | . . . . 1 5 . . . 5 3 3 12 . 6 Power 5 | . . . . . . . . . 1 . . 2 . 2 Propulsion 7 | . . . . . . . . . . 1 . 5 . 1 Utility 11 | . . . . 1 2 . . . 3 1 1 2 . 1 Weapon 12 | . . . . . 3 . . . 1 1 2 3 . 2 Highest Loss Streak 12 | . . . . 1 3 . . . 3 1 2 12 . 2 To Critical Strikes . | . . . . . . . . . . . . . . . Average Slot Usage (%) 91 | . 97 100 98 94 98 98 99 100 96 96 89 33 27 58 Engine 4 | . 12 10 7 7 7 7 7 7 5 . . . . . Core 3 | . . . . . . . . . . 10 11 3 2 3 Leg 17 | . 24 20 16 14 13 14 14 14 23 21 22 8 8 18 Device 17 | . . . 10 14 20 19 20 21 17 22 19 6 5 13 Storage 9 | . 12 10 8 7 13 14 14 14 11 5 5 2 2 5 Processor 6 | . 25 20 13 7 7 7 7 7 6 5 5 5 1 . Protection 7 | . . . 8 16 7 7 7 7 5 7 5 1 2 5 Energy Gun 7 | . 15 40 33 26 2 . . . . 1 10 2 . . Energy Cannon 3 | . . . . . . 4 7 7 9 8 . . . . Ballistic Gun 10 | . 6 . . . 23 17 14 14 9 11 4 . 2 2 Ballistic Cannon 2 | . . . . . . 5 7 7 5 . 4 1 . 4 Naked Turns . | . . . . . . . . . . . . . . . Heaviest Build 64 | 5 19 25 35 44 50 48 44 43 54 63 64 64 27 37 Greatest Support 115 | 20 20 20 20 38 38 38 38 38 72 65 65 65 90 115 Greatest Overweight (x) 2 | . 1 1 1 2 2 1 1 1 1 1 . 1 . . Average Overweight (x) . | . . 1 1 . 1 1 1 1 . . . . . . Largest Inventory Capacity 10 | 5 10 10 10 10 10 10 10 10 10 10 10 10 5 5 Average Capacity 9 | 5 10 10 10 10 10 10 10 10 10 10 10 7 5 5 Most Carried 10 | 3 5 4 5 10 10 10 8 7 10 8 7 6 5 3 Average Carried 5 | . 3 3 3 7 6 7 7 7 7 6 6 5 3 . Final Capacity 10 | 5 10 10 10 10 10 10 10 10 10 10 10 5 5 5 Final Carried 7 | 1 5 4 5 7 7 7 7 7 6 6 6 5 3 1 Class Distribution -------------------- 33% | Hacker-Gunner 25% | Hacker-Mutant 17% | Hacker-Tank 12% | Scavenger-Tank 7% | Commander-Tank Dominant Class ---------------- Hacker-Mutant | -10/Materials Hacker-Gunner | -9/Materials Hacker-Gunner | -8/Materials Hacker-Tank | -7/Factory Hacker-Gunner | -7/Garrison Hacker-Gunner | -7/Factory Hacker-Mutant | -7/Lower Caves Hacker-Gunner | -7/Lower Caves Hacker-Gunner | -6/Factory Commander-Tank | -5/Factory Scavenger-Tank | -5/Upper Caves Hacker-Mutant | -5/Upper Caves Hacker-Mutant | -5/Zhirov Hacker-Mutant | -4/Proximity Caves Resources | -11 -10 -9 -8 -7 -7 -7 -7 -7 -6 -5 -5 -5 -5 -4 ----------- Run | Jun Mat Mat Mat Fac Gar Fac Low Low Fac Fac Upp Upp Zhi Pro Matter Collected 4246 | 122 110 124 77 298 1133 150 360 . 573 459 449 . . 391 Remotely . | . . . . . . . . . . . . . . . Salvage Created 7577 | . 37 101 284 787 1612 338 199 . 1467 1622 590 184 . 356 Parts 379 | . 5 8 10 31 96 16 8 . 82 78 27 4 . 14 Haulers Intercepted 1 | . . . . . . . . . 1 . . . . . Recyclers Shooed 1 | . . . . . . . . . 1 . . . . . Parts Field Recycled . | . . . . . . . . . . . . . . . Retrieved Matter . | . . . . . . . . . . . . . . . Parts Self-Destructed . | . . . . . . . . . . . . . . . Prevented . | . . . . . . . . . . . . . . . Kills | -11 -10 -9 -8 -7 -7 -7 -7 -7 -6 -5 -5 -5 -5 -4 ------- Run | Jun Mat Mat Mat Fac Gar Fac Low Low Fac Fac Upp Upp Zhi Pro Combat Hostiles Destroyed 142 | . 2 3 6 13 28 6 5 . 26 24 14 3 . 12 Guns 83 | . 2 3 5 9 26 3 . . 4 17 12 1 . 1 Cannons 45 | . . . . . . 3 4 . 19 6 2 1 . 10 AOE 9 | . . . . 2 2 . 1 . 2 1 . 1 . . Classes Destroyed 17 | . 2 1 3 2 1 1 . . 7 . . . . . Worker 5 | . . . . . . . . . 1 4 . . . . Builder 4 | . . . . . . 1 . . 1 2 . . . . Hauler 1 | . . . . . . . . . 1 . . . . . Mechanic 1 | . . . . . . . . . 1 . . . . . Operator 4 | . . . . 1 . 1 . . 2 . . . . . Watcher 13 | . 1 1 . 3 . 3 . . 1 4 . . . . Swarmer 39 | . 2 2 . . 9 2 . . 7 2 8 . . 7 Grunt 50 | . . . 1 6 6 3 3 . 8 17 3 . . 3 Brawler 4 | . . . . . 1 . . . . 1 1 1 . . Duelist 5 | . . . 1 . . . . . . 1 . 1 . 2 Protector 1 | . . . . . . . . . 1 . . . . . Sentry 19 | . . 1 3 4 8 . . . . . 2 1 . . Specialist 3 | . . . . . . . . . 3 . . . . . Hunter 10 | . . . 1 1 4 1 1 . 2 . . . . . Programmer 9 | . . . . 2 . . 1 . 3 3 . . . . Heavy 1 | . . . . . . . . . 1 . . . . . Behemoth 1 | . . . . . . . . . 1 . . . . . Best Kill Streak 9 | . 2 2 3 5 9 3 3 . 8 8 5 3 . 4 Combat Bots Only 9 | . 2 2 3 5 9 2 3 . 6 7 5 3 . 4 Max Kills in Single Turn 3 | . 1 2 1 2 2 1 1 . 2 3 2 2 . 1 Gunslinging 1 | . . 1 . 1 1 . . . . . . . . . Exploded 1 | . . . . 1 1 . 1 . 1 1 . 1 . . Melee . | . . . . . . . . . . . . . . . Uniques/NPCs Destroyed . | . . . . . . . . . . . . . . . Combat | -11 -10 -9 -8 -7 -7 -7 -7 -7 -6 -5 -5 -5 -5 -4 -------- Run | Jun Mat Mat Mat Fac Gar Fac Low Low Fac Fac Upp Upp Zhi Pro Damage Taken 7823 | . 24 5 354 608 1066 162 197 . 1280 1033 445 1291 . 1358 Core 1610 | . 5 . 218 66 123 52 27 . 150 170 34 459 . 306 Absorbed by Shields 3 | . . . . . 3 . . . . . . . . . Redirected to Shielding 185 | . . . . . . . . . . . . . . 185 Regen/Repaired (Parts) 98 | . . . 98 . . . . . . . . . . . Core Remaining (%) 83 | 100 98 100 60 . . . . 61 82 . . . . . Volleys Fired 361 | . 5 3 11 40 66 26 14 . 50 55 32 5 . 54 Largest 4 | . 2 4 4 4 4 4 2 . 4 4 4 4 . 3 Hottest 260 | . 130 260 260 260 195 169 111 . 246 236 221 206 . 101 Shots Fired 1050 | . 10 12 44 118 246 63 27 . 157 183 104 16 . 70 Gun 741 | . 10 12 44 118 243 36 . . 48 129 74 11 . 16 Cannon 306 | . . . . . . 27 27 . 109 54 30 5 . 54 Launcher 3 | . . . . . 3 . . . . . . . . . Special . | . . . . . . . . . . . . . . . Kinetic 578 | . 4 . . . 187 48 12 . 80 108 61 8 . 70 Thermal 273 | . 6 12 44 63 . . . . 67 54 23 4 . . Explosive 3 | . . . . . 3 . . . . . . . . . Electromagnetic 196 | . . . . 55 56 15 15 . 10 21 20 4 . . Robot Hit Streak 57 | . 9 14 20 56 57 21 25 . 17 26 19 13 . 14 Robot Miss Streak 4 | . . 1 1 1 3 1 1 . 3 3 2 1 . 4 Penetration Max 1 | . . . . . 1 1 . . 1 1 . . . . Secondary Targets 14 | . . 1 1 4 7 . . . . 1 . . . . Max Gunslinging Chain 2 | . . 1 1 2 1 . . . . 1 . . . . Shots Hit Robots 758 | . 9 7 38 101 166 49 25 . 107 132 55 13 . 56 Core Hits 367 | . 6 5 13 35 83 16 7 . 82 60 23 7 . 30 Critical Kills 4 | . . . . . . . . . 1 3 . . . . Critical Parts Destroyed 8 | . . . . . 1 . . . 1 5 1 . . . Critical Strikes 29 | . 1 . 3 5 1 . 1 . 6 8 3 . . 1 Burn 8 | . 1 . 3 3 . . . . . . 1 . . . Meltdown 1 | . . . . . . . . . 1 . . . . . Destroy 11 | . . . . . 1 . . . 1 8 1 . . . Blast 4 | . . . . . . . . . 3 . . . . 1 Corrupt 5 | . . . . 2 . . 1 . 1 . 1 . . . Melee Attacks . | . . . . . . . . . . . . . . . Impact . | . . . . . . . . . . . . . . . Slashing . | . . . . . . . . . . . . . . . Piercing . | . . . . . . . . . . . . . . . Sneak Attacks . | . . . . . . . . . . . . . . . Combat Hostiles . | . . . . . . . . . . . . . . . Follow-up Attacks . | . . . . . . . . . . . . . . . Damage Inflicted 18379 | . 99 108 572 1620 3196 1290 778 . 3369 4078 1196 629 . 1444 Guns 10104 | . 90 108 572 1458 2899 561 . . 804 2310 897 213 . 192 Cannons 6431 | . . . . . . 636 581 . 2266 1354 246 123 . 1225 Explosions 1791 | . . . . 162 297 93 197 . 299 411 39 293 . . Melee . | . . . . . . . . . . . . . . . Ramming 53 | . 9 . . . . . . . . 3 14 . . 27 Kinetic 8710 | . 30 . . . 2168 791 322 . 1249 1903 627 203 . 1417 Thermal 6359 | . 60 108 572 1016 . 93 197 . 1863 1765 302 383 . . Explosive 297 | . . . . . 297 . . . . . . . . . Electromagnetic 2960 | . . . . 604 731 406 259 . 257 407 253 43 . . Impact . | . . . . . . . . . . . . . . . Slashing . | . . . . . . . . . . . . . . . Piercing . | . . . . . . . . . . . . . . . Highest Corruption 11 | . . . . 10 11 11 11 11 3 2 2 5 5 5 Average Corruption 6 | . . . . 6 10 11 11 11 3 1 2 4 5 5 Corruption Purged . | . . . . . . . . . . . . . . . Corruption Blocked . | . . . . . . . . . . . . . . . Effects 224 | . . . . 21 74 39 23 4 3 11 9 6 5 29 Message Errors 42 | . . . . 6 12 9 4 1 . 1 3 . 1 5 Matter Fused 49 | . . . . 5 13 12 7 1 . 2 . 1 . 8 Heat Flow Errors 23 | . . . . 1 10 2 3 . 1 2 . 1 2 1 Energy Discharges 28 | . . . . 2 11 4 3 . . . 2 . 1 5 Parts Rejected 7 | . . . . . 2 1 . . 1 . . 2 . 1 Parts Fused 5 | . . . . . 4 . . . . . . . . 1 Data Loss (minor) 32 | . . . . 4 11 2 2 2 1 1 1 1 1 6 Data Loss (major) 9 | . . . . . 2 2 1 . . 2 1 1 . . Misfires 8 | . . . . 1 2 2 1 . . 1 . . . 1 Alerts 7 | . . . . 1 3 2 . . . . . . . 1 Misdirections 1 | . . . . . . 1 . . . . . . . . Weapon Failures 13 | . . . . 1 4 2 2 . . 2 2 . . . Overload Shots . | . . . . . . . . . . . . . . . Overflow Damage 99 | . . . . . . 18 13 . 37 7 . 20 . 4 Projectiles 90 | . . . . . . 18 13 . 31 7 . 17 . 4 Explosions 9 | . . . . . . . . . 6 . . 3 . . Melee . | . . . . . . . . . . . . . . . Knockbacks 20 | . . . . . . 1 3 . 3 . 1 . . 12 Impact 2 | . . . . . . . . . . . . . . 2 Kinetic 17 | . . . . . . 1 3 . 2 . 1 . . 10 Secondary 1 | . . . . . . . . . 1 . . . . . Self-Inflicted Damage 119 | . . . . . 14 . . . 36 29 . 40 . . Shots 4 | . . . . . 1 . . . 1 1 . 1 . . Rammed . | . . . . . . . . . . . . . . . Targets Rammed 15 | . 4 . . . . . . . . 1 1 . . 9 Kicked 15 | . 4 . . . . . . . . 1 1 . . 9 Crushed . | . . . . . . . . . . . . . . . Highest Temperature 664 | . 69 189 664 473 215 106 231 . 377 229 369 483 254 288 Average Temperature 124 | . 29 99 280 140 101 68 109 . 107 63 96 260 106 54 Received Heat Transfer 2287 | . . . 90 144 378 63 72 . 180 417 171 532 . 240 Effects 33 | . . . 20 1 . . . . 7 . 2 2 . 1 Shutdowns 5 | . . . 1 1 . . . . . . 1 2 . . Energy Bleed 5 | . . . 1 . . . . . 3 . 1 . . . Interference 5 | . . . . . . . . . 4 . . . . 1 Matter Decay 4 | . . . 4 . . . . . . . . . . . Short Circuit 1 | . . . 1 . . . . . . . . . . . Damage (minor) 1 | . . . 1 . . . . . . . . . . . Damage (major) 10 | . . . 10 . . . . . . . . . . . Damage (core) 2 | . . . 2 . . . . . . . . . . . Siege Activations . | . . . . . . . . . . . . . . . Robots Corrupted 2 | . . . . 1 1 . . . . . . . . . Combat Hostiles 2 | . . . . 1 1 . . . . . . . . . Parts Fried 21 | . . . . 5 3 9 . . 4 . . . . . Impact Corruptions 1 | . . . . . . . . . . . . . . 1 Robots Melted 3 | . . . 1 1 . . . . 1 . . . . . Combat Hostiles 3 | . . . 1 1 . . . . 1 . . . . . Parts Melted 27 | . . . 7 10 . . 1 . 6 3 . . . . Heat Transferred 9811 | . 211 259 1591 2333 . . 200 . 2076 1891 800 450 . . Parts Sabotaged . | . . . . . . . . . . . . . . . Parts Stolen . | . . . . . . . . . . . . . . . Parts Stripped . | . . . . . . . . . . . . . . . Power Chain Reactions 14 | . . . . 2 . 2 3 . 3 2 1 1 . . Missiles Intercepted . | . . . . . . . . . . . . . . . Alert | -11 -10 -9 -8 -7 -7 -7 -7 -7 -6 -5 -5 -5 -5 -4 ------- Run | Jun Mat Mat Mat Fac Gar Fac Low Low Fac Fac Upp Upp Zhi Pro Peak Influence 1006 | . 68 137 241 343 1006 505 . . 290 349 . . . . Initial 391 | . . 20 41 . 51 391 . . 13 99 . . . . Average 247 | . 36 90 109 115 607 253 . . 108 126 . . . . Maximum Alert Level 3 | . . . 1 1 3 2 . . 1 1 . . . . Low Security (%) 59 | 100 100 100 97 74 16 22 . . 69 86 . . . . Level 1 20 | . . . 2 25 3 63 . . 30 13 . . . . Level 2 8 | . . . . . 27 13 . . . . . . . . Level 3 12 | . . . . . 51 . . . . . . . . . Level 4 . | . . . . . . . . . . . . . . . Level 5 . | . . . . . . . . . . . . . . . High Security . | . . . . . . . . . . . . . . . Max Security . | . . . . . . . . . . . . . . . Squads Dispatched 21 | . . . . 5 . 1 . . 7 6 . 1 . 1 Investigation 7 | . . . . 2 . . . . 4 1 . . . . Extermination 3 | . . . . 1 . . . . 1 1 . . . . Reinforcement 6 | . . . . 1 . 1 . . 2 2 . . . . Assault 4 | . . . . 1 . . . . . 1 . 1 . 1 Garrison 1 | . . . . . . . . . . 1 . . . . Intercept . | . . . . . . . . . . . . . . . Searches Triggered . | . . . . . . . . . . . . . . . Construction Impeded . | . . . . . . . . . . . . . . . Haulers Reinforced 1 | . . . . . . . . . . 1 . . . . Active Scanning Responses . | . . . . . . . . . . . . . . . Cargo Convoy Interrupts 2 | . . . . 1 . . . . 1 . . . . . Stealth | -11 -10 -9 -8 -7 -7 -7 -7 -7 -6 -5 -5 -5 -5 -4 --------- Run | Jun Mat Mat Mat Fac Gar Fac Low Low Fac Fac Upp Upp Zhi Pro Distress Signals 3 | . 1 . . . . . . . 1 1 . . . . Communications Jammed . | . . . . . . . . . . . . . . . Distress Signals . | . . . . . . . . . . . . . . . Times Spotted 207 | . 3 4 5 17 30 13 7 . 34 38 15 23 . 18 Peak Tracking Total 12 | . 3 2 4 5 9 3 2 . 6 6 5 12 . 10 Tactical Retreats 10 | . . . . 1 2 1 2 . . . . 3 . 1 Traps | -11 -10 -9 -8 -7 -7 -7 -7 -7 -6 -5 -5 -5 -5 -4 ------- Run | Jun Mat Mat Mat Fac Gar Fac Low Low Fac Fac Upp Upp Zhi Pro Traps Triggered 17 | . 2 . . . 7 2 . . 2 4 . . . . Indirectly . | . . . . . . . . . . . . . . . Trap Hack Attempts . | . . . . . . . . . . . . . . . Triggered . | . . . . . . . . . . . . . . . Disarmed 1 | . . . . 1 . . . . . . . . . . Reprogrammed . | . . . . . . . . . . . . . . . Reused . | . . . . . . . . . . . . . . . Traps Extracted . | . . . . . . . . . . . . . . . Installed . | . . . . . . . . . . . . . . . Triggered 3 | . . . . 2 . . 1 . . . . . . . Machines | -11 -10 -9 -8 -7 -7 -7 -7 -7 -6 -5 -5 -5 -5 -4 ---------- Run | Jun Mat Mat Mat Fac Gar Fac Low Low Fac Fac Upp Upp Zhi Pro Machines Disabled 23 | . . . . 2 4 2 . . 5 9 1 . . . Max in Single Turn 5 | . . . . 1 1 1 . . 3 5 1 . . . Garrison Access 3 | . . . . 1 . 1 . . . 1 . . . . Machines Repaired . | . . . . . . . . . . . . . . . Machines Sabotaged . | . . . . . . . . . . . . . . . Overloaded Fab Kills . | . . . . . . . . . . . . . . . Hacking | -11 -10 -9 -8 -7 -7 -7 -7 -7 -6 -5 -5 -5 -5 -4 --------- Run | Jun Mat Mat Mat Fac Gar Fac Low Low Fac Fac Upp Upp Zhi Pro Machines Accessed 30 | . 2 . 2 4 1 2 . . 6 5 1 . 7 . Terminals 12 | . 2 . 1 3 1 1 . . 3 1 . . . . Fabricators 6 | . . . . . . . . . 3 3 . . . . Repair Stations 2 | . . . 1 . . . . . . 1 . . . . Recycling Units . | . . . . . . . . . . . . . . . Scanalyzers . | . . . . . . . . . . . . . . . Garrison Access 2 | . . . . 1 . 1 . . . . . . . . Total Hacks 100 | . 3 . 3 10 4 3 . . 20 19 1 . 37 . Successful 79 | . 1 . 3 7 . 2 . . 9 19 1 . 37 . Failed 21 | . 2 . . 3 4 1 . . 11 . . . . . Catastrophic 1 | . . . . . . . . . 1 . . . . . Database Lockouts . | . . . . . . . . . . . . . . . Manual 3 | . . . . . . . . . 3 . . . . . Terminals 29 | . 3 . 1 8 4 1 . . 11 1 . . . . Fabricators 25 | . . . . . . . . . 9 16 . . . . Repair Stations 4 | . . . 2 . . . . . . 2 . . . . Recycling Units . | . . . . . . . . . . . . . . . Scanalyzers . | . . . . . . . . . . . . . . . Garrison Access 4 | . . . . 2 . 2 . . . . . . . . Terminal Hacks 51 | . 1 . 1 6 . 1 . . 3 1 1 . 37 . Record 25 | . . . . . . . . . . . . . 25 . Part Schematic 4 | . . . . . . . . . . . . . 4 . Robot Schematic 2 | . . . . 2 . . . . . . . . . . Robot Analysis 5 | . . . . . . . . . 1 . . . 4 . Prototype ID Bank 5 | . . . . . . . . . . 1 . . 4 . Open Door 1 | . . . . . . . . . . . 1 . . . Unreport Threat 1 | . . . . . . . . . 1 . . . . . Locate Traps 3 | . 1 . . 1 . . . . 1 . . . . . Disarm Traps 2 | . . . . 2 . . . . . . . . . . Recall Extermination 1 | . . . . 1 . . . . . . . . . . Zone Layout 2 | . . . 1 . . 1 . . . . . . . . Fabricator Hacks 22 | . . . . . . . . . 6 16 . . . . Load Schematic 12 | . . . . . . . . . 4 8 . . . . Build 10 | . . . . . . . . . 2 8 . . . . Repair Station Hacks 4 | . . . 2 . . . . . . 2 . . . . Scan Component 2 | . . . 1 . . . . . . 1 . . . . Repair 2 | . . . 1 . . . . . . 1 . . . . Recycling Unit Hacks . | . . . . . . . . . . . . . . . Scanalyzer . | . . . . . . . . . . . . . . . Garrison Access Hacks 2 | . . . . 1 . 1 . . . . . . . . Unlock Access 1 | . . . . 1 . . . . . . . . . . Seal Access 1 | . . . . . . 1 . . . . . . . . Unauthorized Hacks . | . . . . . . . . . . . . . . . Terminals . | . . . . . . . . . . . . . . . Fabricators . | . . . . . . . . . . . . . . . Repair Stations . | . . . . . . . . . . . . . . . Recycling Units . | . . . . . . . . . . . . . . . Scanalyzers . | . . . . . . . . . . . . . . . Garrison Access . | . . . . . . . . . . . . . . . Data Cores Recovered 3 | . . . . . . 1 . . 2 . . . . . Used 1 | . . . . . . . . . 1 . . . . . Hacking Detections 16 | . 2 . . 4 1 2 . . 5 2 . . . . Full Trace Events 8 | . . . . 2 1 . . . 4 1 . . . . Feedback Events 2 | . . . . 1 1 . . . . . . . . . Corruption 2 | . . . . 1 1 . . . . . . . . . Feedback Blocked . | . . . . . . . . . . . . . . . Robot Schematics Acquired 2 | . . . . 2 . . . . . . . . . . Robots Built 24 | . . . . . . . . . 3 21 . . . . Authchips . | . . . . . . . . . . . . . . . Time 1138 | . . . . . . . . . 232 906 . . . . Total Robot Build Rating 78 | . . . . . . . . . 9 69 . . . . Part Schematics Acquired 4 | . . . . . . . . . . . . . 4 . Parts Built . | . . . . . . . . . . . . . . . Authchips . | . . . . . . . . . . . . . . . Time . | . . . . . . . . . . . . . . . Total Part Build Rating . | . . . . . . . . . . . . . . . Parts Repaired 1 | . . . 1 . . . . . . . . . . . Time 101 | . . . 51 . . . . . . 50 . . . . Parts Recycled . | . . . . . . . . . . . . . . . Recycled Matter . | . . . . . . . . . . . . . . . Retrieved Matter . | . . . . . . . . . . . . . . . Retrieved Components . | . . . . . . . . . . . . . . . Parts Scanalyzed . | . . . . . . . . . . . . . . . Part Schematics Acquired . | . . . . . . . . . . . . . . . Parts Damaged . | . . . . . . . . . . . . . . . Bothacking | -11 -10 -9 -8 -7 -7 -7 -7 -7 -6 -5 -5 -5 -5 -4 ------------ Run | Jun Mat Mat Mat Fac Gar Fac Low Low Fac Fac Upp Upp Zhi Pro Used RIF Installer . | . . . . . . . . . . . . . . . Robots Hacked . | . . . . . . . . . . . . . . . Non-combat . | . . . . . . . . . . . . . . . Combat . | . . . . . . . . . . . . . . . Robot Hacks Applied . | . . . . . . . . . . . . . . . Relay Couplers Released 4 | . . . . 1 . . . . . 3 . . . . Machine Destruction 4 | . . . . 1 . . . . . 3 . . . . Fabnet Peak Effective % . | . . . . . . . . . . . . . . . Robots Rewired 1 | . . . . . . . . . . . 1 . . . Allies Hacked . | . . . . . . . . . . . . . . . Hacks Repelled . | . . . . . . . . . . . . . . . Allies | -11 -10 -9 -8 -7 -7 -7 -7 -7 -6 -5 -5 -5 -5 -4 -------- Run | Jun Mat Mat Mat Fac Gar Fac Low Low Fac Fac Upp Upp Zhi Pro Total Allies 25 | . . . . . . . . . 3 21 1 . . . Largest Group 14 | . . . . . . . . . 3 14 1 . . . Highest-Rated Group 308 | . . . . . . . . . 48 308 29 . . . Highest-Rated Ally 30 | . . . . . . . . . 16 30 29 . . . Total Orders . | . . . . . . . . . . . . . . . Ally Attacks 129 | . . . . . . . . . 24 100 5 . . . Total Damage 1938 | . . . . . . . . . 270 1593 75 . . . Kills 15 | . . . . . . . . . 2 12 1 . . . Allies Corrupted . | . . . . . . . . . . . . . . . Allies Melted . | . . . . . . . . . . . . . . . Intel | -11 -10 -9 -8 -7 -7 -7 -7 -7 -6 -5 -5 -5 -5 -4 ------- Run | Jun Mat Mat Mat Fac Gar Fac Low Low Fac Fac Upp Upp Zhi Pro Robot Analysis Total 5 | . . . . . . . . . 1 . . . 4 . Derelict Logs Recovered 5 | . . . . . . . 2 . . . 2 . . 1 Drone Launches . | . . . . . . . . . . . . . . . Drone Recoveries . | . . . . . . . . . . . . . . . Exploration | -11 -10 -9 -8 -7 -7 -7 -7 -7 -6 -5 -5 -5 -5 -4 ------------- Run | Jun Mat Mat Mat Fac Gar Fac Low Low Fac Fac Upp Upp Zhi Pro Turns Passed 10780 | 62 215 287 439 1089 1838 1038 658 106 987 1856 962 170 172 901 Spaces Moved 5579 | 46 138 139 175 506 822 476 315 55 497 680 704 210 199 617 Core 297 | 11 . . . . . . . . . . . 157 129 . Treads . | . . . . . . . . . . . . . . . Legs 5282 | 35 138 139 175 506 822 476 315 55 497 680 704 53 70 617 Wheels . | . . . . . . . . . . . . . . . Hover . | . . . . . . . . . . . . . . . Flight . | . . . . . . . . . . . . . . . Fastest Speed 50 | 50 120 190 190 125 190 190 195 195 120 112 120 50 50 120 Average Speed 149 | 103 121 190 190 173 191 194 195 195 125 135 120 71 74 120 Slowest Speed 260 | 120 190 190 190 260 260 195 195 195 195 190 120 190 120 120 Overloaded Moves . | . . . . . . . . . . . . . . . Propulsion Burnouts . | . . . . . . . . . . . . . . . Robots Hopped . | . . . . . . . . . . . . . . . Cave-ins Triggered . | . . . . . . . . . . . . . . . Teleports 1 | . . . . . . . . . . . . . 1 . Exploration Rate (%) 36 | 3 33 15 20 19 69 21 59 17 20 25 81 41 62 64 Regions Visited 14 Branch Regions 6 Pre-discovered Areas 5 | . . . . . . . 1 . . . 1 . 3 . Known Exits Taken 13 | 1 1 1 1 1 . 1 1 1 1 1 1 1 1 . Unknown Exits Taken . | . . . . . . . . . . . . . . . Scrap Searched 4 | . . . . . . . 1 . . . 3 . . . Spaces Dug 4 | . . . . . . . . . . . 4 . . . Terrain Destroyed 177 | . . . . 12 8 5 8 . 22 93 20 6 . 3 Melee . | . . . . . . . . . . . . . . . Projectile 75 | . . . . . 4 2 1 . 14 30 20 1 . 3 AOE 102 | . . . . 12 4 3 7 . 8 63 . 5 . . Terrain Rammed . | . . . . . . . . . . . . . . . Walls Destroyed . | . . . . . . . . . . . . . . . Machines Disabled . | . . . . . . . . . . . . . . . Actions | -11 -10 -9 -8 -7 -7 -7 -7 -7 -6 -5 -5 -5 -5 -4 --------- Run | Jun Mat Mat Mat Fac Gar Fac Low Low Fac Fac Upp Upp Zhi Pro Total 7301 | 60 175 155 253 635 946 549 332 54 753 1486 745 219 225 714 Wait 1059 | . 9 11 58 46 . 19 1 . 167 735 2 1 . 10 Move 5562 | 45 137 138 174 505 818 475 314 54 496 679 703 209 198 617 Hop . | . . . . . . . . . . . . . . . Pick Up 103 | 8 11 1 5 15 12 10 1 . 15 6 2 . 8 9 Fast Attach . | . . . . . . . . . . . . . . . Attach 86 | 7 7 2 3 8 7 3 1 . 12 6 2 1 14 13 Detach 8 | . . . . . . . . . 1 . . 1 4 2 Swap 42 | . 1 . 2 11 7 9 . . 7 3 2 . . . Drop 34 | . 1 . . 10 6 7 1 . 5 1 . 2 1 . Fire 361 | . 5 3 11 40 66 26 14 . 50 55 32 5 . 54 Melee . | . . . . . . . . . . . . . . . Ram . | . . . . . . . . . . . . . . . Kick 15 | . 4 . . . . . . . . 1 1 . . 9 Crush . | . . . . . . . . . . . . . . . Escape Stasis 30 | . . . . . 30 . . . . . . . . . Rewire 1 | . . . . . . . . . . . 1 . . . Trap . | . . . . . . . . . . . . . . . Miscellaneous . | . . . . . . . . . . . . . . . Route ------- -11/Junkyard -10/Materials -9/Materials -8/Materials -7/Factory (discovered 2 exits: *Fac / Gar) -7/Garrison (discovered 3 exits: *Fac x3) -7/Factory -7/Lower Caves -7/Lower Caves -6/Factory -5/Factory (discovered 3 exits: *Fac / *Upp / *Ext) -5/Upper Caves -5/Upper Caves -5/Zhirov -4/Proximity Caves History --------- Turn | Location | Event 9 | -11/Junkyard | Identified exit to Materials 9 | -11/Junkyard | Discovered exit to Materials (range 14) 63 | -11/Junkyard | Entered Materials 63 | -10/Materials | Evolved 1 slot: Utility x1 261 | -10/Materials | Identified exit to Materials 261 | -10/Materials | Discovered exit to Materials (range 15) 278 | -10/Materials | Entered another Materials area 278 | -9/Materials | Evolved 2 slots: Weapon x2 558 | -9/Materials | Identified exit to Materials 558 | -9/Materials | Discovered exit to Materials (range 3) 565 | -9/Materials | Entered another Materials area 565 | -8/Materials | Evolved 2 slots: Utility x2 587 | -8/Materials | Build established: Hacker-Gunner 915 | -8/Materials | Repaired Hvy. Ion Engine 945 | -8/Materials | Identified exit to Factory 945 | -8/Materials | Discovered exit to Factory (range 5) 1004 | -8/Materials | Entered Factory 1004 | -7/Factory | Evolved 2 slots: Utility x2 1296 | -7/Factory | Build established: Hacker-Tank 1439 | -7/Factory | Identified exit to Factory 1439 | -7/Factory | Discovered exit to Factory (range 16) 1828 | -7/Factory | System corruption reached 10% 2047 | -7/Factory | Cargo convoy interrupted 2054 | -7/Factory | Identified exit to Garrison 2093 | -7/Factory | Entered Garrison 2246 | -7/Garrison | Triggered checkpoint 2388 | -7/Garrison | Triggered checkpoint 2418 | -7/Garrison | Triggered checkpoint 2447 | -7/Garrison | Triggered checkpoint 2448 | -7/Garrison | Triggered checkpoint 2503 | -7/Garrison | Lost 3 parts (3w) 2505 | -7/Garrison | Destroyed 9 combat bots 2626 | -7/Garrison | Triggered checkpoint 2805 | -7/Garrison | Identified exit to Factory 2805 | -7/Garrison | Discovered exit to Factory (range 8) 2867 | -7/Garrison | Build established: Hacker-Gunner 2952 | -7/Garrison | Discovered exit to Factory (range 13) 3040 | -7/Garrison | Triggered checkpoint 3475 | -7/Garrison | Attempted to access garrison exit controls, blocked by remote lockdown 3616 | -7/Garrison | Attempted to access garrison exit controls, blocked by remote lockdown 3800 | -7/Garrison | Triggered checkpoint 3864 | -7/Garrison | Triggered checkpoint 3910 | -7/Garrison | Discovered exit to Factory (range 11) 3931 | -7/Garrison | Entered Factory 4865 | -7/Factory | Build established: Hacker-Mutant 4961 | -7/Factory | Identified exit to Lower Caves 4961 | -7/Factory | Discovered exit to Lower Caves (range 4) 4969 | -7/Factory | Entered Lower Caves 5023 | -7/Lower Caves | Met a Warlord Commander 5024 | -7/Lower Caves | Learned location of Warlord (-4) 5033 | -7/Lower Caves | Found Encrypted Comm Array 5227 | -7/Lower Caves | Learned Factory emergency access door positions 5442 | -7/Lower Caves | Spotted B-75 Beast 5536 | -7/Lower Caves | Learned Factory terminal intel 5604 | -7/Lower Caves | Identified exit to Lower Caves 5604 | -7/Lower Caves | Discovered exit to Lower Caves (range 12) 5627 | -7/Lower Caves | Entered another Lower Caves area 5705 | -7/Lower Caves | Discovered exit to Factory (range 15) 5733 | -7/Lower Caves | Entered Factory 5733 | -6/Factory | Evolved 2 slots: Propulsion x2 5735 | -6/Factory | Loaded intel: 26 terminal locations 5914 | -6/Factory | Build established: Hacker-Gunner 5932 | -6/Factory | Fabricated G-47 Trooper (x3) 6424 | -6/Factory | Spotted B-75 Beast 6433 | -6/Factory | Destroyed B-75 Beast 6550 | -6/Factory | Cargo convoy interrupted 6613 | -6/Factory | Found Prototype Device 6614 | -6/Factory | Lost 3 parts (1p2u) 6614 | -6/Factory | Identified Exp. ECM Suite 6636 | -6/Factory | Identified exit to Factory 6636 | -6/Factory | Discovered exit to Factory (range 16) 6720 | -6/Factory | Entered another Factory area 6720 | -5/Factory | Evolved 2 slots: Power x1, Utility x1 6858 | -5/Factory | Fabricated G-47 Trooper (x3) 6975 | -5/Factory | Fabricated G-47 Trooper (x3) 7091 | -5/Factory | Fabricated G-47 Trooper (x3) 7225 | -5/Factory | Fabricated L-41 Fighter (x3) 7269 | -5/Factory | Build established: Commander-Tank 7359 | -5/Factory | Fabricated L-41 Fighter (x3) 7373 | -5/Factory | Identified exit to Extension 7373 | -5/Factory | Discovered exit to Extension (range 13) 7473 | -5/Factory | Garrison activated, responded to threat 7826 | -5/Factory | Identified exit to Factory 7826 | -5/Factory | Discovered exit to Factory (range 15) 7907 | -5/Factory | Destroyed 7 combat bots 8183 | -5/Factory | Fabricated G-47 Trooper (x3) 8191 | -5/Factory | Build established: Scavenger-Tank 8525 | -5/Factory | Fabricated G-47 Trooper (x3) 8550 | -5/Factory | Identified exit to Upper Caves 8550 | -5/Factory | Discovered exit to Upper Caves (range 13) 8576 | -5/Factory | Entered Upper Caves 8917 | -5/Upper Caves | Attracted the attention of an 0b10 checkpoint 9033 | -5/Upper Caves | Learned location of Armory (-4) 9068 | -5/Upper Caves | Attracted the attention of an 0b10 outpost 9208 | -5/Upper Caves | Learned 4 Factory zone layouts 9366 | -5/Upper Caves | Identified exit to Upper Caves 9366 | -5/Upper Caves | Discovered exit to Upper Caves (range 12) 9538 | -5/Upper Caves | Entered another Upper Caves area 9552 | -5/Upper Caves | Attracted the attention of an 0b10 outpost 9616 | -5/Upper Caves | Attracted the attention of an 0b10 checkpoint 9636 | -5/Upper Caves | Core integrity fell below 50% 9660 | -5/Upper Caves | Lost 12 parts (2p5n2u3w) 9700 | -5/Upper Caves | Identified exit to Zhirov 9700 | -5/Upper Caves | Discovered exit to Zhirov (range 16) 9708 | -5/Upper Caves | Entered Zhirov 9708 | -5/Zhirov | Identified exit to Proximity Caves 9708 | -5/Zhirov | Discovered exit to Proximity Caves (range 3) 9718 | -5/Zhirov | Met Zhirov 9734 | -5/Zhirov | Learned location of Quarantine (-2) 9734 | -5/Zhirov | Learned location of Testing (-3) 9734 | -5/Zhirov | Learned location of Command (-1) 9739 | -5/Zhirov | Zhirov requested help retrieving the SGEMP Prototype 9749 | -5/Zhirov | Found Alien Artifact 9750 | -5/Zhirov | Identified Integrated Reactor 9750 | -5/Zhirov | Installed Integrated Reactor, increased core energy generation (+10) 9757 | -5/Zhirov | Found Alien Artifact 9758 | -5/Zhirov | Identified Transdimensional Reconstructor 9758 | -5/Zhirov | Warped through subspace 9866 | -5/Zhirov | Build established: Hacker-Mutant 9880 | -5/Zhirov | Entered Proximity Caves 10489 | -4/Proximity Caves | Core integrity fell below 20% 10745 | -4/Proximity Caves | Attracted the attention of an 0b10 outpost 10767 | -4/Proximity Caves | Attracted the attention of an 0b10 checkpoint 10781 | -4/Proximity Caves | Destroyed by Y-64 Sentinel with Wave Gun Last Messages --------------- 10666_ Acquired Imp. Core Shielding. 10681_ System corrupted: Matter fused (-7). 10706_ Slug penetrates Wall. 10708_ System corrupted: Adv. Myomer Leg fused. 10711_ Lgt. Quantum Reactor destroyed. 10735_ System corrupted: Energy discharge (-37). 10745_ Y-72 Warden: "DETECTED UNIDENTIFIED DERELICT." 10745_ S-27 Virus springs to life. 10747_ S-27 Virus destroyed. 10749_ Y-72 Warden: "REQUESTING BACKUP." 10749_ S-27 Virus destroyed. 10750_ System corrupted: Energy discharge (-29). 10751_ S-27 Virus destroyed. 10753_ L-61 Swordsman knocked back. 10755_ L-61 Swordsman destroyed. 10761_ Myomer Leg destroyed. 10767_ Y-64 Sentinel: "INTERCEPTING UNREGISTERED DERELICT." 10769_ Penetrated by Slug. 10775_ Exp. Utility Shielding destroyed. 10778_ Penetrated by Slug. Map ----- +----------------------------------------------------+ | ?????????????????????????????????????????????????? | | ????????????????????????????????????#????????????? | | ??????????????????????????????????? ????????????? | | ??????????????????????????????????? ##???????????? | | ??????????????????????????????????? #""?????????? | | ??????????????????????????????????? # ?????????? | | ?????????????????????????????????? $ ??????????? | | ?????????????????????????????????? ???????????? | | ??????????????????????????????????%[=#???????????? | | ??????????????????????????????????%%=????????????? | | ?????????????????????????????????%[%####?????????? | | ????????????????????????????????? =* ??????????? | | ?????????????????????????????????=% #???????????? | | ????????????????????????###???### *%#????????????? | | ????????????????????????# #?## %#?????????????? | | ????????????????????????# ## #??????????????? | | ?????????????????????????# ###???????##?????? | | ?????????????????????????## #????????## ##???? | | ??????????????????????????### ##???????## ##??? | | ????????????????????????????## ##????#### ##?? | | ???????????????????????????#;#bs##???# ### | | ??????????????????????????## Y #???# | | ???????????????????????#### ###???# #?# | | ??????????????????????## Y###???# #?## ## | | ??????????????????????# b % ##??# ##?# ### | | ????????????????????### @ #### #?# ### | | ???????????????????## #### ## ### #?# | | ???????????????????# #??## ##? | | ???????????????????## #??## #? | | ????????????????????## ##?# ## ##? | | ????????????????????## ### #### ####?? | | ????????????????????# ##??###????? | | ????????????????????# #### ##?????????? | | ????????????????????## ##??# ###???????? | | ?????????????????????# ##### ##??????? | | ???????????????????### ## ####???? | | ???????????????????# #???# | | ???????????????????## ## #???# | | ????????????????????## ### ## ##?## | | ?????????????????????# #### ## ### | | ?????????????????????# #??#### ##### | | ?????????????????????# ##????## ##???## | | ????????????????????## ###???# ####??## | | ???????????????????## ##### ### #?## =## | | ??????????????????## ## ### ## ## | | ####??????????????# #####" # | | #??????????????## ## ##?## # | | ## #???????????????### #### #??## ## | | ?# #???????####??????# ##?## #??## #? | | ?# #??????## ###????# #??# ##?## #? | +----------------------------------------------------+ Best States ------------- Heat Dissipation 102 Energy Generation 59 Energy Capacity 510 Matter Stores 300 Matter Capacity 600 Sight Range 16 Terrain Scan Density 10 Power Amplification 30 Armor Coverage 450 Resistance: KI 35 Resistance: TH 35 Resistance: EX 35 Resistance: EM 35 Resistance: I 35 Resistance: S 35 Resistance: P 35 Core Shielding 30 Utility Shielding 90 Evasion (%) 55 Targeting Accuracy 10 Offensive Hacking 20 Item Schematics ----------------- Assault Drone Bay | -5/Zhirov | Free Exp. Heat Sink | -5/Zhirov | Free Exp. Optical Array | -5/Zhirov | Free Imp. Arc Thrower | -5/Zhirov | Free Robot Schematics ------------------ L-41 Fighter | -7/Factory | Hacked G-47 Trooper | -7/Factory | Hacked Fabricated ------------ G-47 Trooper | x3 | -6/Factory G-47 Trooper | x3 | -5/Factory G-47 Trooper | x3 | -5/Factory G-47 Trooper | x3 | -5/Factory L-41 Fighter | x3 | -5/Factory L-41 Fighter | x3 | -5/Factory G-47 Trooper | x3 | -5/Factory G-47 Trooper | x3 | -5/Factory Alien Tech Used ----------------- Integrated Reactor Transdimensional Reconstructor Achievements -------------- None Challenges ------------ None Game ------ Seed SpacefoldShadeSheargun Manual? 0 Play Time 01:01:51 Cumulative 71.9 hours Start 2023.10.10 @ 21:17:15 End 2023.10.10 @ 22:28:06 Sessions 1 Manual Loads 0 Difficulty Explorer Special Mode None Game No. 100 Rogue 2 Adventurer 1 Explorer 97 Win Type - Total 1 Types 0/0/1/0/0/0/0/0/0 Lore% 51 Gallery% 60 Achievement% 59 Wizard Run 0 Options --------- ASCII 0 Keyboard 0 Movement Mouse Keybinds 0 Fullscreen 2 Font 18/SmallcapsGlow Map View 76x50 Tactical HUD 1 Map Filters NONE Filters NONE Steam 1 RUN: aedb69e2-e230-41f1-9fed-f9edc2c40046